AoeStats
← El Fantasma de Pancho Villa

Arena

507584862Analyzed
4v4 RM · 15d ago on Sep 18, 2026· 40m 21s· 8 players
Game mode
Random Map
Map size
Large (8 player)
Population
200
Speed
Normal
Resources
Standard
Victory
Conquest
Starting age
Dark Age
Ending age
Imperial Age
RankedLock teamsTeams togetherTeam positionsShared explorationLock speedFull tech treeHidden civsTurbo modeCheats
Victory
Defeat
🇸🇪 Koreans · Sweden
1190
+15
🇧🇷 Persians · Brazil
1185
+15
🇵🇰 Bohemians · Pakistan
1149
+17
🇲🇦 Jurchens · Morocco
1145
+17
🇨🇱 Sicilians · Chile
1277
-21
🇲🇽 Gurjaras · Mexico
1145
-15
🇺🇸 Cumans · United States
1115
-14
🇲🇽 Persians · Mexico
1114
-14
El Fantasma de Pancho Villa
13:46 Feudal Age
18:13 Man-at-Arms
19:04 Scale Mail Armor
21:46 Forging
25:39 Fletching
31:33 Double-Bit Axe
32:27 Wheelbarrow
35:33 Castle Age
36:00 Padded Archer Armor
35:56 Crossbowman
36:43 Thumb Ring
37:48 Bodkin Arrow
38:09 Leather Archer Armor
Boywars
12:35 Feudal Age
12:36 Loom
16:29 Castle Age
14:54 Double-Bit Axe
15:07 Horse Collar
27:47 Heavy Plow
28:01 Bow Saw
31:51 Imperial Age
29:38 Husbandry
30:36 Wheelbarrow
30:21 Scale Barding Armor
31:24 Bloodlines
32:37 Chain Barding Armor
32:28 Forging
31:59 Cavalier
35:10 Savar
36:32 Crop Rotation
37:21 Gold Mining
38:31 Plate Barding Armor
37:50 Heavy Camel Rider
39:57 Iron Casting
Cuauhpilli
11:24 Feudal Age
15:27 Castle Age
13:25 Double-Bit Axe
16:37 Bow Saw
17:29 Loom
23:24 Horse Collar
28:18 Imperial Age
25:48 Treadmill Crane
26:07 Fletching
27:13 Padded Archer Armor
27:51 Thumb Ring
29:37 Leather Archer Armor
29:50 Heavy Plow
31:22 Bodkin Arrow
32:25 Crop Rotation
32:36 Wheelbarrow
33:05 Gold Mining
33:38 Siege Elephant
34:34 Bracer
34:58 Ballistics
36:16 Elite Elephant Archer
38:41 Chemistry
38:00 Hand Cart
Cuervo.AOE
10:14 Feudal Age
11:34 Wheelbarrow
10:50 Horse Collar
12:34 Double-Bit Axe
14:32 Loom
19:34 Castle Age
24:52 Heavy Plow
26:40 Bow Saw
27:30 Gold Mining
33:14 Imperial Age
31:03 Bloodlines
30:53 Husbandry
31:02 Scale Barding Armor
31:28 Hand Cart
30:54 Light Cavalry
33:10 Chain Barding Armor
33:39 Forging
33:26 Cavalier
34:42 Plate Barding Armor
35:18 Iron Casting
35:36 Conscription
36:34 First Crusade
37:23 Scale Mail Armor
37:03 Pikeman
37:44 Squires
37:43 Halberdier
38:44 Chain Mail Armor
39:44 Crop Rotation
40:06 Plate Mail Armor
40:37 Blast Furnace
KingGustavRed
4:53 Loom
13:08 Feudal Age
16:43 Castle Age
14:35 Double-Bit Axe
15:33 Horse Collar
17:41 Bow Saw
29:38 Fletching
35:26 Wheelbarrow
39:46 Hand Cart
touch grass
10:39 Feudal Age
15:09 Castle Age
14:11 Double-Bit Axe
14:07 Horse Collar
16:43 Wheelbarrow
16:20 Bow Saw
23:29 Hand Cart
27:54 Padded Archer Armor
28:00 Scale Barding Armor
28:09 Forging
27:59 Stone Mining
27:59 Gold Mining
28:14 Heavy Plow
28:51 Leather Archer Armor
31:48 Imperial Age
32:09 Chain Barding Armor
32:25 Iron Casting
32:54 Conscription
32:59 Bloodlines
32:50 Husbandry
33:28 Plate Barding Armor
33:06 Elite Iron Pagoda
35:54 Stone Shaft Mining
35:54 Gold Shaft Mining
38:24 Blast Furnace
37:56 Ring Archer Armor
38:58 Two-Man Saw
JMB
4:55 Loom
10:15 Feudal Age
15:32 Castle Age
16:20 Double-Bit Axe
22:59 Horse Collar
23:33 Bow Saw
27:24 Heavy Plow
28:15 Wheelbarrow
28:22 Wheelbarrow
29:21 Hand Cart
32:17 Imperial Age
30:03 Scale Barding Armor
30:09 Forging
32:15 Cavalier
32:56 Husbandry
32:47 Town Watch
33:24 Chain Barding Armor
34:12 Iron Casting
34:22 Savar
khamz
10:20 Feudal Age
14:29 Castle Age
12:48 Double-Bit Axe
13:44 Horse Collar
19:28 Loom
20:24 Fervor
21:54 Wheelbarrow
21:06 Town Watch
21:38 Bow Saw
21:36 Heavy Plow
24:42 Hand Cart
29:16 Imperial Age
28:01 Chemistry
26:51 Fletching
27:02 Padded Archer Armor
27:27 Bodkin Arrow
27:51 Squires
28:12 Murder Holes
29:58 Leather Archer Armor
29:45 Murder Holes
29:12 Pikeman
29:54 Scale Mail Armor
29:27 Crossbowman
30:11 Bracer
31:30 Two-Man Saw
31:18 Leather Archer Armor
31:11 Wagenburg Tactics
32:24 Conscription
34:03 Houfnice
36:14 Ballistics
37:03 Ring Archer Armor
38:30 Siege Engineers
Connection lost

Rejoining the realm…

Still unreachable

The connection could not be restored.

Session expired

The server has moved on; the page needs a fresh start.